AoeStats
← BetzeGunner

Arabia

509953589Analyzed
2v2 RM · 2d ago on Sep 28, 2026· 61m 55s· 4 players
Game mode
Random Map
Map size
Medium (4 player)
Population
200
Speed
Normal
Resources
Standard
Victory
Conquest
Starting age
Dark Age
Ending age
Imperial Age
RankedLock teamsTeams togetherTeam positionsShared explorationLock speedFull tech treeHidden civsTurbo modeCheats
Victory
Defeat
🇩🇪 Hindustanis · Germany
944
+16
🇩🇪 Vietnamese · Germany
944
+16
🇧🇷 Tupi · Brazil
980
-17
🇪🇸 Bengalis · Spain
925
-15
Luisirk
6:05 Loom
12:24 Feudal Age
13:18 Double-Bit Axe
14:37 Forging
15:35 Wheelbarrow
16:48 Horse Collar
20:44 Castle Age
21:08 Bloodlines
22:32 Husbandry
23:21 Bow Saw
23:07 Gold Mining
24:11 Heavy Plow
27:22 Stone Mining
34:29 Ballistics
37:16 Paiks
38:20 Pikeman
39:02 Squires
39:41 Iron Casting
39:07 Scale Mail Armor
41:27 Chain Mail Armor
44:55 Imperial Age
43:12 Fletching
47:47 Chemistry
48:04 Crop Rotation
49:53 Halberdier
Vemnimim
1:20 Loom
11:39 Feudal Age
18:09 Castle Age
18:38 Pikeman
24:02 Squires
25:56 Wheelbarrow
29:20 Stone Mining
29:12 Horse Collar
29:37 Champi Runner
32:45 Champi Warrior
34:46 Gold Mining
35:02 Heavy Plow
36:03 Arson
38:31 Gold Shaft Mining
42:48 Imperial Age
41:20 Scale Mail Armor
41:31 Forging
41:13 Fletching
42:56 Caciques
42:42 Town Watch
43:27 Chain Mail Armor
43:05 Elite Champi Warrior
45:16 Iron Casting
45:13 Plate Mail Armor
48:18 Conscription
48:37 Double-Bit Axe
papaploufdansleau
10:08 Feudal Age
8:24 Loom
10:40 Double-Bit Axe
11:39 Horse Collar
17:50 Wheelbarrow
18:06 Town Watch
21:12 Castle Age
19:55 Fletching
19:59 Gold Mining
21:16 Padded Archer Armor
22:17 Bow Saw
22:10 Heavy Plow
23:08 Bodkin Arrow
23:01 Crossbowman
25:01 Thumb Ring
28:09 Stone Mining
35:13 Imperial Age
36:35 Capped Ram
37:15 Arbalester
38:58 Hand Cart
43:33 Bracer
46:49 Ballistics
BetzeGunner
9:14 Loom
10:59 Feudal Age
13:48 Bloodlines
13:54 Town Watch
15:09 Double-Bit Axe
15:08 Horse Collar
17:08 Forging
17:05 Scale Barding Armor
22:30 Castle Age
24:10 Husbandry
28:28 Wheelbarrow
28:06 Bow Saw
28:02 Heavy Plow
27:56 Gold Mining
39:43 Iron Casting
39:28 Chain Barding Armor
39:46 Hand Cart
39:35 Town Patrol
45:59 Imperial Age
44:46 Grand Trunk Road
46:09 Heavy Camel Rider
47:54 Blast Furnace
47:30 Plate Barding Armor
47:31 Conscription
48:26 Imperial Camel Rider
51:18 Conscription
Connection lost

Rejoining the realm…

Still unreachable

The connection could not be restored.

Session expired

The server has moved on; the page needs a fresh start.